 Dungeon Crawl Stone Soup version 0.28-a0-514-g0d7ab7f379 (webtiles) character file.

Game seed: 5742847884533994253

6665 heikuro the Cleaver (level 10, -9/136 HPs)
             Began as a Minotaur Berserker on Sept 22, 2021.
             Was a High Priest of Trog.
             Mangled by a freezing wraith (15 damage)
             ... on level 10 of the Dungeon.
             The game lasted 00:14:04 (9991 turns).

heikuro the Cleaver (Minotaur Berserker)            Turns: 9991, Time: 00:14:05

Health: -9/136     AC: 13    Str: 22    XL:     10   Next: 73%
Magic:  9/9        EV: 12    Int:  4    God:    Trog [*****.]
Gold:   617        SH:  4    Dex: 11    Spells: 9/9 levels left

rFire   . . .      SeeInvis .   a - +0 hand axe (vorpal)
rCold   . . .      Faith    .   J - +0 buckler
rNeg    . . .      Spirit   .   r - +2 scale mail of the Wicked Wumpus {Fly rElec Str-2 Stlth+}
rPois   .          Reflect  .   (helmet restricted)
rElec   +          Harm     .   (no cloak)
rCorr   .          Rampage  .   H - +0 pair of gloves
Will    .....                   n - +0 pair of boots
Stlth   ..........              (no amulet)
HPRegen 0.32/turn               (no ring)
MPRegen 0.11/turn               (no ring)

@: berserking (expiring), flying, slowed
A: horns 2, retaliatory headbutt
a: Renounce Religion, Berserk, Trog's Hand, Brothers in Arms


You were on level 10 of the Dungeon.
You worshipped Trog.
Trog was extremely pleased with you.
You visited 2 branches of the dungeon, and saw 11 of its levels.

You collected 617 gold pieces.

Inventory:

Hand Weapons
 a - a +0 vorpal hand axe (weapon)
 m - a +0 spear
 G - a +3 long sword of flaming
Missiles
 l - 4 boomerangs of dispersal (quivered)
 v - 33 poisoned darts
 B - a throwing net
Armour
 b - a +0 chain mail
 n - a +0 pair of boots (worn)
 r - the +2 scale mail of the Wicked Wumpus (worn) {Fly rElec Str-2 Stlth+}
   (You found it on level 5 of the Dungeon)

   Str:       It affects your strength (-2).
   rElec:     It insulates you from electricity.
   Fly:       It grants you flight.
   Stlth:     It makes you more stealthy.
 H - a +0 pair of gloves (worn)
 J - a +0 buckler (worn)
Jewellery
 y - a ring of ice
Wands
 o - a wand of paralysis (5)
 q - a wand of polymorph (6)
 s - a wand of flame (38)
 D - a wand of charming (12)
 I - a wand of iceblast (22)
Scrolls
 c - 4 scrolls of teleportation {unknown}
 f - 2 scrolls of fog {unknown}
 h - a scroll of enchant armour {unknown}
 j - 4 scrolls of amnesia {unknown}
 k - a scroll of vulnerability {unknown}
 p - a scroll of noise {unknown}
 u - 2 scrolls of immolation {unknown}
 x - a scroll of enchant weapon {unknown}
 E - 2 scrolls of acquirement {unknown}
 F - a scroll of brand weapon {unknown}
 K - a scroll of silence {unknown}
Potions
 d - 2 potions of curing
 g - 2 potions of resistance
 i - a potion of haste
 t - a potion of lignification
 w - 3 potions of heal wounds
 z - 2 potions of invisibility
 A - 2 potions of flight {unknown}
 C - 2 potions of berserk rage
Miscellaneous
 e - a phial of floods


   Skills:
 + Level 9.4 Fighting
 * Level 12.7 Axes
 + Level 9.1 Armour
 + Level 8.3 Dodging
 + Level 2.3 Shields


You had 9 spell levels left.
You didn't know any spells.
Your spell library contained the following spells:

 Spells                   Type           Power      Damage    Failure   Level
 Dazzling Flash           Conj/Hex       0%         N/A       99%         3
 Agony                    Necr           0%         N/A       100%        5
 Silence                  Hex/Air        0%         N/A       100%        5


Dungeon Overview and Level Annotations

Branches:
Dungeon (10/15)            Temple (1/1) D:5
   Lair: D:8-11         Orc: D:9-12

Altars:
Ashenzari
Cheibriados
Dithmenos
Elyvilon
Fedhas
Gozag
Hepliaklqana
Kikubaaqudgha
Makhleb
Nemelex Xobeh
Okawaru
Qazlal
Ru
Sif Muna
Trog
Uskayaw
Vehumet
Wu Jian
Xom
Yredelemnul
Zin
The Shining One

Shops:
D:3 =

Annotations:
D:10 exclusion: oklob sapling


Innate Abilities, Weirdness & Mutations

You have a pair of horns on your head.
You reflexively headbutt those who attack you in melee.


Message History

The freezing wraith hits you! The freezing wraith freezes you!!
The freezing wraith hits you! The freezing wraith drains your vigour!
You feel as though you will be slow longer.
Your Shields skill increases to level 2!
You are too injured to fight recklessly!
Unknown command.
You are too injured to fight recklessly!
Unknown command.
You are too injured to fight recklessly!
Unknown command.
You are too injured to fight recklessly!
Unknown command.
You barely miss the freezing wraith.
The freezing wraith is heavily damaged.
You closely miss the freezing wraith.
The freezing wraith is heavily damaged.
The freezing wraith hits you. The freezing wraith freezes you!
* * * LOW HITPOINT WARNING * * *
The freezing wraith hits you but does no damage.
You completely miss the freezing wraith.
The freezing wraith is heavily damaged.
The freezing wraith hits you but does no damage.
You block the freezing wraith's attack.
You slash the freezing wraith!
Your headbutt misses the freezing wraith.
The freezing wraith is severely damaged.
You slash the freezing wraith!
The freezing wraith is almost destroyed.
The freezing wraith hits you.
* * * LOW HITPOINT WARNING * * *
The freezing wraith freezes you!
* * * LOW HITPOINT WARNING * * *
The freezing wraith hits you.
* * * LOW HITPOINT WARNING * * *
You hit the freezing wraith.
The freezing wraith is almost destroyed.
The freezing wraith hits you.
* * * LOW HITPOINT WARNING * * *
The freezing wraith freezes you!
You die...

##### ###<.>#
###.#...#
###...#...#
###...8.#...#
###.......#.).#
#<........'.@.+
###.......#.W.#
###...8.#...#
###...#...#
###.#...#
###<.># #####


You could see a freezing wraith.

Vanquished Creatures
  A tengu warrior (D:10)
  A two-headed ogre (D:9)
  A sixfirhy (D:9)
  Pikel (D:5)
  Maurice (D:9)
  Maggie (D:8)
  A hornet (D:9)
  2 wraiths
  A wyvern (D:7)
  An ice beast (D:6)
  3 orc warriors
  A sky beast (D:6)
  3 ogres (D:5)
  4 necrophages
  A lemure (D:5)
  2 phantoms
  2 kobold brigands
  2 bullfrogs
  A scorpion (D:7)
  A gnoll sergeant (D:9)
  4 killer bees
  6 wights
  2 howler monkeys (D:5)
  4 centaur zombies
  A hound (D:5)
  A human zombie (D:5)
  8 orc priests
  A centaur skeleton (D:5)
  Ijyb (D:4)
  6 iguanas
  5 orc wizards
  A killer bee zombie (D:8)
  A hound zombie (D:5)
  3 mummies (D:5)
  A howler monkey zombie (D:8)
  9 adders
  5 gnolls
  2 shadow imps (D:3)
  An ufetubus (D:6)
  An adder skeleton (D:2)
  2 worms
  2 dart slugs
  29 orcs
  9 ball pythons
  7 endoplasms
  4 giant cockroaches
  10 goblins
  3 hobgoblins
  12 jackals
  5 quokkas
  6 bats
  4 frilled lizards
  16 kobolds
  9 rats
212 creatures vanquished.

Vanquished Creatures (others)
  An orc wizard (D:7)
  2 fungi (D:1)
  3 plants (D:10)
6 creatures vanquished.

Grand Total: 218 creatures vanquished

Notes
Turn   | Place    | Note
-------+----------+-------------------------------------------
     0 | D:1      | heikuro the Minotaur Berserker began the quest for the Orb.
     0 | D:1      | Reached XP level 1. HP: 19/19 MP: 0/0
     7 | D:1      | Noticed a vampire
     9 | D:1      | Noticed a felid
    16 | D:1      | Noticed a felid
    23 | D:1      | Noticed a demonspawn
    23 | D:1      | Noticed a minotaur skeleton
    23 | D:1      | Noticed a gargoyle
    95 | D:1      | Reached XP level 2. HP: 25/27 MP: 1/1
    99 | D:1      | Reached skill level 4 in Axes
   257 | D:1      | Found a faded altar of an unknown god.
   443 | D:1      | Reached XP level 3. HP: 33/33 MP: 2/2
   801 | D:1      | Reached ** piety under Trog
  1209 | D:2      | Reached XP level 4. HP: 40/40 MP: 3/3
  1756 | D:2      | Reached skill level 5 in Axes
  1926 | D:3      | Found an opulent altar of Gozag.
  1987 | D:3      | Reached *** piety under Trog
  2162 | D:3      | Found a transporter.
  2176 | D:3      | Found a transporter.
  2279 | D:3      | Found Tets's Jewellery Shoppe.
  2312 | D:3      | Reached XP level 5. HP: 47/47 MP: 4/4
  3286 | D:4      | Noticed Ijyb
  3290 | D:4      | Killed Ijyb
  3424 | D:4      | Noticed a phantom
  3455 | D:4      | Killed a phantom
  3456 | D:4      | Reached XP level 6. HP: 30/55 MP: 5/5
  3753 | D:5      | Entered Level 5 of the Dungeon
  3782 | D:5      | Noticed Pikel
  3789 | D:5      | Killed Pikel
  3790 | D:5      | Reached skill level 5 in Fighting
  3790 | D:5      | Reached skill level 7 in Axes
  3790 | D:5      | Reached skill level 5 in Armour
  3790 | D:5      | Reached XP level 7. HP: 62/62 MP: 6/6
  4039 | D:5      | Reached XP level 8. HP: 65/70 MP: 7/7
  4039 | D:5      | Found a glowing golden altar of the Shining One.
  4184 | D:5      | Reached skill level 8 in Axes
  4184 | D:5      | Reached skill level 5 in Dodging
  4361 | D:5      | Identified the +2 scale mail of the Wicked Wumpus {Fly
                  | rElec Str-2 Stlth+}
  4573 | D:5      | Found an ancient bone altar of Kikubaaqudgha.
  4583 | D:5      | Reached **** piety under Trog
  4662 | D:5      | Reached skill level 9 in Axes
  5224 | D:5      | Found a staircase to the Ecumenical Temple.
  5234 | Temple   | Entered the Ecumenical Temple
  5612 | D:6      | Reached XP level 9. HP: 40/79 MP: 8/8
  6194 | D:6      | Found a hazy altar of Hepliaklqana.
  6431 | D:7      | Reached skill level 10 in Axes
  7355 | D:8      | Found an iron altar of Okawaru.
  7414 | D:8      | Noticed Maggie
  7420 | D:8      | Killed Maggie
  7421 | D:8      | Reached skill level 11 in Axes
  7617 | D:8      | Reached ***** piety under Trog
  8254 | D:9      | Found a snail-covered altar of Cheibriados.
  8296 | D:9      | You are sucked into a shaft and drop 1 floor!
  8296 | D:10     | Entered Level 10 of the Dungeon
  8348 | D:10     | Reached XP level 10. HP: 67/89 MP: 9/9
  8556 | D:9      | Noticed a two-headed ogre
  8568 | D:9      | Killed a two-headed ogre
  8737 | D:9      | Found a runed translucent door.
  8740 | D:9      | Found a burning altar of Makhleb.
  8740 | D:9      | Noticed a sixfirhy
  8765 | D:9      | Killed a sixfirhy
  8766 | D:9      | Reached skill level 12 in Axes
  9213 | D:9      | Noticed Maurice
  9220 | D:9      | Killed Maurice
  9221 | D:9      | Reached skill level 1 in Shields
  9974 | D:10     | Noticed a tengu warrior
  9985 | D:10     | Killed a tengu warrior
  9991 | D:10     | HP: 6/136 [freezing wraith (5)]
  9991 | D:10     | Mangled by a freezing wraith

Illustrated notes

Levels and vault maps discovered:
D:1:      shiori_arrival_whats_in_store_for_you, layout_basic,
          shapermc_ecumenical_altar_acropolis
D:2:      cheibrodos_helix_gallery, layout_basic, minmay_divided_ellipse
D:3:      gammafunk_wand_slinger, layout_basic, amcnicky_altar_gilded,
          serial_shops, nicolae_shop_waterfront
D:4:      layout_basic, uniq_ijyb
D:5:      layout_loops_ring, lemuel_mausoleum_altar_kikubaaqudgha,
          kennysheep_mini_moat, minmay_temple_entry_statues_fountains,
          uniq_pikel
D:6:      layout_cave_pools, mainiacjoe_overflow_alcove_2
D:7:      layout_rooms, minmay_stone_trees_small
D:8:      layout_loops_ring, okawaru_ov_weapons_minmay, uniq_maggie
D:9:      layout_irregular_city, lemuel_round_altar, nzn_makhleb_speed_demon,
          uniq_maurice
D:10:     minmay_diamond_stairs, layout_irregular_city, minmay_misc_feat_square,
          introduction_to_nature_2
Temple:   regret_index_temple_waves

Skill      XL: |  1  2  3  4  5  6  7  8  9 10 |
---------------+-------------------------------+-----
Axes           | 4 5 7 9 11 12 | 12.7
Fighting       | 4 5 6 7 8 9 |  9.4
Armour         | 3 4 5 6 8 9 |  9.1
Dodging        | 3 4 6 7 8 |  8.3
Shields        | 2 |  2.3

Action                   |  1- 3 |  4- 6 |  7- 9 | 10-12 || total
-------------------------+-------+-------+-------+-------++-------
Melee: Hand axe          |    73 |   132 |   288 |   101 ||   594
       Headbutt          |    12 |    17 |    71 |    12 ||   112
Invok: Berserk           |       |     4 |     6 |     6 ||    16
  Use: Scroll            |       |     3 |     4 |     1 ||     8
Armor: Animal skin       |    10 |       |       |       ||    10
       Chain mail        |    19 |    80 |    25 |       ||   124
       Scale mail        |       |       |    92 |    35 ||   127
Dodge: Dodged            |    42 |    59 |   113 |    47 ||   261
Block: Buckler           |       |       |       |    13 ||    13

Table legend: (Time is in decaauts)
 A = Elapsed time spent in this place.
 B = Non-inter-level travel time spent in this place.
 C = Inter-level travel time spent in this place.
 D = Time resting spent in this place.
 E = Time spent auto-exploring this place.
 F = Levels seen in this place.
 G = Mean time per level.
                   A        B        C        D        E       F      G
               +--------+--------+--------+--------+--------+-----+--------+
         Total |  10103 |   9403 |    700 |   1645 |   5676 |  11 |  918.5 |
       Dungeon |  10000 |   9315 |    685 |   1645 |   5599 |  10 | 1000.0 |
        Temple |    102 |     87 |     15 |      0 |     77 |   1 |  102.0 |
               +--------+--------+--------+--------+--------+-----+--------+

Top non-repeatable levels by time:
     D:9: 1435 daAuts
     D:5: 1362 daAuts
     D:4: 1188 daAuts
     D:8: 1103 daAuts
     D:2: 1083 daAuts
     D:3: 1016 daAuts
     D:1: 911 daAuts
     D:6: 874 daAuts
     D:7: 694 daAuts
    D:10: 331 daAuts
  Temple: 102 daAuts
